 Dungeon Crawl Stone Soup version 0.17-a0-484-g0e03f6a (webtiles) character file.

1305 Chiseanne the Sneak (level 8, 0/61 HPs)
             Began as a Mummy Assassin on Apr 10, 2015.
             Was a Believer of Nemelex Xobeh.
             Slain by a killer bee zombie (3 damage)
             ... on level 6 of the Dungeon.
             The game lasted 00:21:30 (6264 turns).

Chiseanne the Sneak (Mummy Assassin)                Turns: 6264, Time: 00:21:31

Health: 0/61       AC:  4    Str: 14    XL:     8   Next: 31%
Magic:  18/18      EV: 12    Int: 10    God:    Nemelex Xobeh [**....]
Gold:   278        SH: 10    Dex: 15    Spells: 0 memorised, 7 levels left

rFire  . . .     SeeInvis .     w - +1 blowgun
rCold  + + .     Clarity  .     n - +0 leather armour
rNeg   + + +     SustAb   .     o - +2 shield of Resistance {rF+ rC+ MR+}
rPois  ∞         Gourm    .     (no helmet)
rElec  .         Spirit   .     d - +0 cloak
rCorr  .         Warding  .     (no gloves)
rMut   .         Stasis   .     (no boots)
MR     ++...                    (no amulet)
Stlth  +++.......               (no ring)
                                r - ring of magical power

@: very resistant to hostile enchantments, fairly stealthy
A: no food or potions, fire vulnerability, cold resistance 1, negative energy
resistance 3, torment resistance, unbreathing
a: Renounce Religion


You were on level 6 of the Dungeon.
You worshipped Nemelex Xobeh.
Nemelex Xobeh was pleased with you.
You were not hungry.

You visited 1 branch of the dungeon, and saw 6 of its levels.

You collected 278 gold pieces.

Inventory:

Hand weapons
 a - a +0 dagger of electrocution
 s - a +2 dagger
 w - a +1 blowgun (weapon)
Missiles
 e - 25 poisoned needles (quivered)
 f - a curare-tipped needle
 p - 7 javelins
 t - 4 tomahawks
Armour
 d - a +0 cloak (worn)
 n - a +0 leather armour (worn)
 o - the +2 shield of Resistance (worn) {rF+ rC+ MR+}
   (You found it on level 5 of the Dungeon)

   It protects you from fire.
   It protects you from cold.
   It affects your resistance to hostile enchantments.
Jewellery
 r - a ring of magical power (left hand)
Magical devices
 c - a wand of digging (16)
 u - a wand of fire (4)
Scrolls
 b - a scroll of amnesia
 g - a scroll of identify
 h - a scroll of recharging
 j - 2 scrolls of fear
 k - a scroll of teleportation
 l - 2 scrolls of remove curse
 m - a scroll of enchant armour
Miscellaneous
 i - an ornate deck of war {drawn: 1} {god gift}
 v - a plain deck of war {drawn: 1} {god gift}


   Skills:
 * Level 4.6 Fighting
 - Level 1.5 Short Blades
 - Level 1.5 Throwing
 * Level 4.9 Dodging
 * Level 5.9 Stealth
 * Level 2.9 Shields
 * Level 1.4 Evocations


You had 7 spell levels left.
You didn't know any spells.

Dungeon Overview and Level Annotations

Branches:
Dungeon (6/15)             Temple (0/1) D:5

Altars:
Cheibriados
Kikubaaqudgha
Nemelex Xobeh
Qazlal
Xom
Zin


Innate Abilities, Weirdness & Mutations

You do not eat or drink.
Your flesh is vulnerable to fire.
You are immune to poison.
Your flesh is cold resistant.
You are immune to negative energy.
You are immune to unholy pain and torment.
You can survive without breathing.


Message History

You block the killer bee zombie's attack.
You block the killer bee zombie's attack.
The electric eel shoots out a bolt of lightning at you!
The bolt of electricity hits the killer bee zombie.
The bolt of electricity hits you!
* * * LOW HITPOINT WARNING * * *
You block the killer bee zombie's attack.
You block the killer bee zombie's attack.
The killer bee zombie closely misses you.
You see here an electric eel corpse.
The killer bee zombie hits you but does no damage.
The killer bee zombie hits you.
* * * LOW HITPOINT WARNING * * *
You block the killer bee zombie's attack.
You can't drink.
Unknown command.
Evoke which item? (* to show all) (? for menu, Esc to quit)
You draw a card...
It is the Rangers.
The killer bee zombie hits you.
You die...
Your body glows slightly and disappears.

#...........##.##'
#.....!...!.......
#...........##..#.
##############..#.
#.......####..#.
#.#...........#.
#.#.............
#####.#.............
#cZ@.c..............
##c###...........#...
#..###...........#...
#.♣†♣##..........#...
**#P♣♣≈♣#..†.......#...
**####*,♣≈≈P≈♣≈♣.........#...
*,....≈♣♣♣≈≈≈P≈≈♣..........##
*.....PP≈≈†≈P≈≈≈≈##########..
*,....♣♣≈≈≈≈≈≈≈P♣♣* *,,


You could see a killer bee zombie, a friendly centaur warrior and 2 friendly
centaurs.

Vanquished Creatures
  Grinder (D:5)
  Sigmund (D:3)
  A sky beast (D:5)
  2 ice beasts (D:6)
  A scorpion (D:4)
  An electric eel (D:6)
  2 giant frog skeletons (D:5)
  2 hounds (D:4)
  Jessica (D:2)
  2 orc wizards
  Natasha (thrice) (D:4)
  2 worker ants (D:4)
  A hound zombie (D:5)
  8 adders
  4 gnolls (D:3)
  2 worms
  4 giant geckos
  7 orcs
  9 bats
  A giant cockroach (D:4)
  11 goblins
  11 hobgoblins
  A quokka (D:5)
  2 giant newts
  3 jackals
  6 kobolds
  16 rats
105 creatures vanquished.

Vanquished Creatures (collateral kills)
  The ghost of MrRokkomies the Skirmisher, an experienced VSBe of Trog (D:5)
  A hound (D:5)
  A bat (D:5)
3 creatures vanquished.

Vanquished Creatures (others)
  A dancing weapon (D:5)
  A jackal (D:6)
2 creatures vanquished.

Grand Total: 110 creatures vanquished

Notes
Turn   | Place    | Note
--------------------------------------------------------------
     0 | D:1      | Chiseanne, the Mummy Assassin, began the quest for the Orb.
     0 | D:1      | Reached XP level 1. HP: 16/16 MP: 1/1
   280 | D:1      | Reached skill level 1 in Dodging
   355 | D:1      | Reached XP level 2. HP: 20/22 MP: 2/2
   888 | D:1      | Found a snail-covered altar of Cheibriados.
  1188 | D:2      | Found a stormy altar of Qazlal.
  1190 | D:2      | Noticed Jessica
  1200 | D:2      | Killed Jessica
  1200 | D:2      | Reached skill level 4 in Stealth
  1200 | D:2      | Reached XP level 3. HP: 28/28 MP: 3/3
  1433 | D:2      | Reached XP level 4. HP: 34/34 MP: 4/4
  2341 | D:3      | Noticed Sigmund
  2351 | D:3      | Killed Sigmund
  2351 | D:3      | Reached skill level 5 in Stealth
  2351 | D:3      | Reached XP level 5. HP: 39/41 MP: 5/5
  2444 | D:3      | Reached XP level 6. HP: 38/47 MP: 6/6
  2529 | D:3      | You fall through a shaft for 3 floors!
  2545 | D:5      | Entered Level 5 of the Dungeon
  2662 | D:4      | Noticed Natasha
  2674 | D:4      | Killed Natasha
  2786 | D:4      | Found a glowing silver altar of Zin.
  2807 | D:4      | Found a sparkling altar of Nemelex Xobeh.
  2825 | D:4      | Became a worshipper of Nemelex Xobeh the Trickster
  3078 | D:4      | Received a gift from Nemelex Xobeh
  3670 | D:3      | Found a shimmering altar of Xom.
  3670 | D:3      | Found an ancient bone altar of Kikubaaqudgha.
  3742 | D:3      | Reached skill level 1 in Shields
  4065 | D:3      | Reached XP level 7. HP: 29/52 MP: 7/7
  4816 | D:4      | Noticed Natasha
  4958 | D:4      | Killed Natasha
  5060 | D:4      | Noticed Natasha
  5067 | D:4      | Killed Natasha
  5112 | D:5      | Noticed MrRokkomies's ghost (experienced VSBe)
  5198 | D:5      | Found a staircase to the Ecumenical Temple.
  5230 | D:5      | Noticed Grinder
  5518 | D:5      | Received a gift from Nemelex Xobeh
  5675 | D:5      | Killed Grinder
  5675 | D:5      | Reached skill level 1 in Evocations
  5711 | D:5      | Killed MrRokkomies's ghost
  5711 | D:5      | Reached XP level 8. HP: 60/60 MP: 8/8
  5753 | D:5      | Received a gift from Nemelex Xobeh
  6262 | D:6      | HP: 3/61 [killer bee zombie (5)]
  6264 | D:6      | Slain by a killer bee zombie

Action                   |  1- 3 |  4- 6 |  7- 9 || total
-------------------------+-------+-------+-------++-------
Melee: Dagger            |    85 |   158 |   143 ||   386
 Fire: Blowgun           |    10 |    49 |    20 ||    79
Evoke: Wand              |       |     2 |     9 ||    11
       Deck              |       |     1 |     6 ||     7
  Use: Scroll            |       |     8 |     9 ||    17
 Stab: Sleeping          |     3 |     6 |     1 ||    10
       Distracted        |     1 |       |       ||     1
       Invisible         |       |     2 |       ||     2
